 Dungeon Crawl Stone Soup version 0.30-a0-1043-g60ff8d5f49 (webtiles) character file.

Game seed: 9589666476009271382

8 BlueFish the Grasshopper (level 2, 0/19 HPs)
             Began as an Octopode Warper on Apr 10, 2023.
             Slain by a quokka (2 damage)
             ... on level 1 of the Dungeon.
             The game lasted 00:00:36 (266 turns).

BlueFish the Grasshopper (Octopode Warper)           Turns: 266, Time: 00:00:36

Health: 0/19       AC:  1    Str: 10    XL:     2   Next: 8%
Magic:  5/5        EV: 13    Int: 15    God:
Gold:   13         SH:  0    Dex: 11    Spells: 5/5 levels left

rFire   . . .      SeeInvis .      - Unarmed
rCold   . . .      Faith    .    (no shield)
rNeg    . . .      Spirit   .    (helmet restricted)
rPois   .          Reflect  .    (no amulet)
rElec   .          Rampage  .    (no ring)
rCorr   .                        (no ring)
Will    .....                    (no ring)
Stlth   ++                       (no ring)
HPRegen 0.23/turn                (no ring)
MPRegen 0.09/turn                (no ring)
                                 (no ring)
                                 (no ring)

@: no status effects
A: almost no armour, amphibious, 8 rings, camouflage 1, gelatinous body 1,
(nimble swimmer 1), tentacles
a: no special abilities


You were on level 1 of the Dungeon.
You visited 1 branch of the dungeon, and saw 1 of its levels.

You collected 13 gold pieces.

Inventory:

Missiles
 b - 7 boomerangs of dispersal (quivered)
Scrolls
 a - a scroll of blinking
 c - a scroll of silence {unknown}
 f - a scroll of identify {unknown}
Potions
 d - a potion of mutation {unknown}
 e - 2 potions of invisibility {unknown}


   Skills:
 + Level 2.1 Fighting
 + Level 1.2 Throwing
 + Level 2.4 Dodging
 * Level 1.1 Stealth
 + Level 2.0 Unarmed Combat
 + Level 2.0 Spellcasting
 + Level 3.0 Translocations


You had 5 spell levels left.
You didn't know any spells.
Your spell library contained the following spells:

 Spells                   Type           Power      Damage    Failure   Level
 Blink                    Tloc           20%        N/A       10%         2
 Lesser Beckoning         Tloc           20%        N/A       10%         2
 Teleport Other           Tloc           10%        N/A       19%         3
 Kiss of Death            Conj/Necr      4%         2d5       22%         1
 Vhi's Electric Charge    Tloc/Air       12%        N/A       34%         3
 Manifold Assault         Tloc           10%        N/A       52%         4
 Confusing Touch          Hex            1%         N/A       54%         3
 Dispel Undead            Necr           1%         3d6       91%         4


Dungeon Overview and Level Annotations

Branches:
Dungeon (1/15)

Altars:


Innate Abilities, Weirdness & Mutations

You cannot wear most types of armour.
You are amphibious.
You can wear up to eight rings at the same time.
Your skin changes colour to match your surroundings (Stealth+).
Your rubbery body absorbs attacks. (AC +1, EV +1)
((You are camouflaged when in or above water. (Stealth+)))
You have tentacles for arms and can constrict up to eight enemies at once.


Message History

The ball python barely misses you. The ball python constricts you.
You tentacle-slap the ball python.
You kill the ball python!
The bat hits you but does no damage.
Your Stealth skill increases to level 1!
You have reached level 2!
You start resting.
The bat closely misses you.
You tentacle-slap the bat but do no damage.
Your grab misses the bat.
The bat is severely wounded.
The bat hits you but does no damage. The bat hits you but does no damage.
You barely miss the bat. You grab the bat. You squeeze the bat.
You kill the bat!
HP restored.
A ball python and a quokka come into view.
The helpless ball python fails to defend itself.
You tentacle-slap the ball python. Your grab misses the ball python.
The ball python is moderately wounded.
The ball python barely misses you. The ball python grabs you.
The ball python constricts you. The quokka bites you.
You tentacle-slap the quokka. Your grab misses the quokka.
The quokka is moderately wounded.
The ball python barely misses you. The ball python constricts you.
The quokka bites you. The ball python closely misses you.
The ball python constricts you.
You barely miss the ball python. You grab the ball python.
The ball python is moderately wounded.
You constrict the ball python. The quokka bites you.
* * * LOW HITPOINT WARNING * * *
The ball python bites you.
* * * LOW HITPOINT WARNING * * *
The ball python constricts you.
* * * LOW HITPOINT WARNING * * *
You closely miss the quokka. You grab the quokka.
The quokka is moderately wounded.
You constrict the ball python.
You kill the ball python!
You constrict the quokka. The quokka bites you.
You die...

.#.##.##.##.# #......
#. ##..#.##.##.#
#.#.#.## #.
.....##.##.####.#.#.#
#. ##.### #.##.#.#.#.#
#.
#.[...>..#.###########.
##.....##..............
##.......#.†# #########
............# #
#....r@.#.## #
##..!†.##.# #
##...###.# # ##.. #.# #
##. #.############# #.
#......>....... #.
########....... #.
#.#####. #.# #.


You could see a quokka.

Vanquished Creatures
  2 ball pythons (D:1)
  A hobgoblin (D:1)
  A kobold (D:1)
  3 bats (D:1)
  2 rats (D:1)
9 creatures vanquished.

Notes
Turn   | Place    | Note
-------+----------+-------------------------------------------
     0 | D:1      | BlueFish the Octopode Warper began the quest for the Orb.
     0 | D:1      | Reached XP level 1. HP: 14/14 MP: 3/3
   246 | D:1      | Reached skill level 1 in Stealth
   246 | D:1      | Reached XP level 2. HP: 16/19 MP: 5/5
   266 | D:1      | Slain by a quokka

Illustrated notes

Levels and vault maps discovered:
D:1:      dpeg_arrival_pits, layout_loops_ring

Skill      XL: |  1 |
---------------+----+-----
Stealth        | 1 |  1.1
Fighting       | |  2.1
Throwing       | |  1.2
Dodging        | |  2.4
Unarmed Combat | |  2.0
Spellcasting   | |  2.0
Translocations | |  3.0

Action                     || total
---------------------------++-------
  Melee: Unarmed           ||    25
         Constrict         ||     9
         Tentacles         ||     3
   Stab: Sleeping          ||     3
 Armour: Skin              ||     7
  Dodge: Dodged            ||    16

Table legend: (Time is in decaauts)
 A = Elapsed time spent in this place.
 B = Non-inter-level travel time spent in this place.
 C = Inter-level travel time spent in this place.
 D = Time resting spent in this place.
 E = Time spent auto-exploring this place.
 F = Levels seen in this place.
 G = Mean time per level.
                   A        B        C        D        E       F      G
               +--------+--------+--------+--------+--------+-----+--------+
         Total |    265 |    265 |      0 |      0 |    193 |   1 |  265.0 |
       Dungeon |    265 |    265 |      0 |      0 |    193 |   1 |  265.0 |
               +--------+--------+--------+--------+--------+-----+--------+

Top non-repeatable levels by time:
     D:1: 265 daAuts
